Predators vs Canucks

Created - October 13 2011 at 20:37

Goals
1 2 3 T
Predators 1 0 2 3
Canucks 3 2 1 6
Shots
1 2 3 T
Predators 12 10 11 33
Canucks 15 9 20 44

Period #1

1. Canucks , Corey Perry 4 (Phil Kessel, Matthew Carle) at 1:48
2. Canucks , Corey Perry 5 (Alex Pietrangelo, Phil Kessel) at 7:22
3. Predators , Steven Stamkos 4 (Marian Gaborik, Jeff Carter) at 11:57
4. Canucks , Phil Kessel 4 (Corey Perry, Alex Pietrangelo) at 16:16

Penalties :
Dmitry Kulikov (VAN) for High sticking (Minor) at 5:13, Milan Michalek (NSH) for Hooking (Minor) at 7:35, Loui Eriksson (VAN) for Tripping (Minor) at 8:28, Brent Burns (NSH) for Roughing (Minor) at 9:13, Shea Weber (NSH) for High sticking (Minor) at 13:06, Dmitry Kulikov (VAN) for Hooking (Minor) at 17:18

Period #2

5. Canucks , Corey Perry 6 (Loui Eriksson, Erik Karlsson) at 5:45
6. Canucks , Loui Eriksson 2 (Duncan Keith, Erik Karlsson) at 13:53

Penalties :
Brent Burns (NSH) for High sticking (Minor) at 3:45, Matthew Carle (VAN) for Roughing (Minor) at 8:40, Matthew Carle (VAN) for Tripping (Minor) at 10:44, Kris Russell (VAN) for Hooking (Minor) at 17:42

Period #3

7. Predators , Jeff Carter 4 (Nicklas Backstrom, Brent Burns) at 2:01
8. Canucks , Brooks Laich 1 (James van Riemsdyk, David Backes) at 5:48 (PP)
9. Predators , Marian Gaborik 1 (Jeff Carter, Braydon Coburn) at 17:50

Penalties :
Erik Karlsson (VAN) for Roughing (Minor) at 0:50, Simon Gagne (NSH) for Interference (Minor) at 1:41, Shea Weber (NSH) for Cross-checking (Minor) at 4:41, David Backes (VAN) for Boarding (Minor) at 11:52, Zbynek Michalek (NSH) for Interference (Minor) at 14:31, Milan Michalek (NSH) for Holding (Minor) at 14:44

Goalie Stats

Dwayne Roloson (NSH), 38 saves from 44 shots - (0.864), L, 0-1-0, 60:00 minutes
Henrik Lundqvist (VAN), 30 saves from 33 shots - (0.909), W, 4-1-0, 60:00 minutes

Players Stats

Predators
Player Name              G  A  P  +/- PIM S  H  SB FO    MP 
------------------------------------------------------------
Braydon Coburn           0  1  1   1  0   3  1  2  0/0   19 
Brent Burns              0  1  1   2  4   0  2  0  0/0   21 
Cody Franson             0  0  0  -2  0   0  0  0  0/0   11 
Jeff Carter              1  2  3   2  0   4  0  1  0/1   23 
Jeff Woywitka            0  0  0  -1  0   1  0  0  0/0   4  
Marian Gaborik           1  1  2   1  0   1  0  0  1/2   18 
Max Pacioretty           0  0  0  -2  0   0  2  0  0/3   16 
Milan Michalek           0  0  0  -2  4   0  0  1  0/1   14 
Nicklas Backstrom        0  1  1  -1  0   5  0  0  14/29 19 
Patric Hornqvist         0  0  0  -1  0   2  2  0  1/1   16 
Paul Gaustad             0  0  0  -1  0   0  2  0  9/27  15 
Shea Weber               0  0  0  -1  4   7  2  1  0/0   22 
Simon Gagne              0  0  0  -2  2   0  1  0  0/0   20 
Steven Stamkos           1  0  1   1  0   10 1  1  17/32 19 
T.J. Galiardi            0  0  0  -1  0   0  0  0  7/12  8  
Tomas Kaberle            0  0  0  -2  0   0  2  1  0/0   23 
Wayne Simmonds           0  0  0  -1  0   0  0  0  0/0   3  
Zbynek Michalek          0  0  0  -1  2   0  1  0  0/0   14 
Canucks
Player Name              G  A  P  +/- PIM S  H  SB FO    MP 
------------------------------------------------------------
Alex Pietrangelo         0  2  2   2  0   1  1  2  0/0   18 
Brandon Sutter           0  0  0   0  0   1  0  0  14/29 19 
Brooks Laich             1  0  1   1  0   3  1  0  12/24 15 
Corey Perry              3  1  4   3  0   13 2  0  0/2   17 
David Backes             0  1  1   1  2   5  1  0  2/4   21 
Dmitry Kulikov           0  0  0  -2  4   1  0  0  0/0   9  
Duncan Keith             0  1  1  -1  0   3  1  3  0/0   24 
Erik Karlsson            0  2  2   1  2   2  0  1  0/0   16 
Fedor Tyutin             0  0  0   1  0   1  3  1  0/0   19 
James van Riemsdyk       0  1  1   3  0   2  2  0  0/0   16 
Kris Russell             0  0  0   1  2   0  0  0  0/0   17 
Kyle Okposo              0  0  0  -3  0   0  0  0  0/0   6  
Loui Eriksson            1  1  2  -1  2   5  0  0  1/1   18 
Matthew Carle            0  1  1   2  4   1  2  1  0/0   17 
Phil Kessel              1  2  3   3  0   4  0  1  15/28 16 
Ryan OReilly             0  0  0  -2  0   0  2  0  12/17 11 
Tomas Holmstrom          0  0  0   1  0   0  1  1  2/2   9  
Valtteri Filppula        0  0  0   1  0   2  0  1  1/1   17 

3 Stars

1 - Corey Perry (VAN)
2 - Phil Kessel (VAN)
3 - Jeff Carter (NSH)

Power Play

Predators - 0 on 8 Attempt(s) - 0.00%
Canucks - 1 on 8 Attempt(s) - 12.50%

Penalty Kill

Predators - 7 on 8 Attempt(s) - 87.50% - Score 0 goal in Penalty Kill
Canucks - 8 on 8 Attempt(s) - 100.00% - Score 0 goal in Penalty Kill

Game Notes

Corey Perry has scored a Hat Trick!

Finance

Level 1 -- Attendance: 6413 (98.66%) -- Ticket Income $513,040.00
Level 2 -- Attendance: 3615 (72.30%) -- Ticket Income $234,975.00
Level 3 -- Attendance: 2106 (60.17%) -- Ticket Income $105,300.00
Level 4 -- Attendance: 1909 (66.75%) -- Ticket Income $47,725.00
Luxury Box -- Attendance: 638 (63.80%) -- Ticket Income $159,500.00
Game was played at the Rogers Arena
Total Attendance: 14681 (77.84%)
Total Ticket Income: $1,166,516.00
Other Income: $219,237.90
Total Income: $1,385,754.00


Play by Play

Period #1

0:01 of 1st period - Nicklas Backstrom wins face-off versus Phil Kessel in neutral zone.
0:33 of 1st period - Shot by Phil Kessel.
0:33 of 1st period - Shot Misses the Net.
0:37 of 1st period - Shot by Phil Kessel.
0:37 of 1st period - Stopped by Dwayne Roloson without a rebound.
0:38 of 1st period - Steven Stamkos wins face-off versus Brooks Laich in Predators zone.
0:49 of 1st period - Shot by Steven Stamkos.
0:49 of 1st period - Shot Misses the Net.
0:53 of 1st period - Shot by Marian Gaborik.
0:53 of 1st period - Shot Blocked by Duncan Keith.
0:57 of 1st period - Shot by Steven Stamkos.
0:57 of 1st period - Shot Misses the Net.
1:03 of 1st period - Shot by Steven Stamkos.
1:03 of 1st period - Shot Blocked by Tomas Holmstrom.
1:05 of 1st period - Shot by Braydon Coburn.
1:05 of 1st period - Stopped by Henrik Lundqvist without a rebound.
1:06 of 1st period - Brandon Sutter wins face-off versus Paul Gaustad in Canucks zone.
1:38 of 1st period - Shot by David Backes.
1:38 of 1st period - Stopped by Dwayne Roloson without a rebound.
1:39 of 1st period - Phil Kessel wins face-off versus Nicklas Backstrom in Predators zone.
1:48 of 1st period - Shot by Corey Perry.
1:48 of 1st period - Goal by Corey Perry - Predators : 0 - Canucks : 1.
1:49 of 1st period - Steven Stamkos wins face-off versus Brooks Laich in neutral zone.
2:30 of 1st period - Marian Gaborik is hit by Duncan Keith and loses puck.
3:08 of 1st period - Shot by Nicklas Backstrom.
3:08 of 1st period - Shot Blocked by Alex Pietrangelo.
3:12 of 1st period - Shot by Nicklas Backstrom.
3:12 of 1st period - Deflect By Max Pacioretty.
3:12 of 1st period - Shot Misses the Net.
3:14 of 1st period - Shot by Shea Weber.
3:14 of 1st period - Stopped by Henrik Lundqvist without a rebound.
3:15 of 1st period - Paul Gaustad wins face-off versus Brandon Sutter in Canucks zone.
3:15 of 1st period - Paul Gaustad is hit by Fedor Tyutin.
3:23 of 1st period - Shot by Paul Gaustad.
3:23 of 1st period - Shot Blocked by Fedor Tyutin.
3:56 of 1st period - Shot by Valtteri Filppula.
3:56 of 1st period - Shot Blocked by Milan Michalek.
3:58 of 1st period - Shot by David Backes.
3:58 of 1st period - Stopped by Dwayne Roloson with a rebound.
4:36 of 1st period - Shot by Jeff Carter.
4:36 of 1st period - Stopped by Henrik Lundqvist with a rebound.
4:38 of 1st period - Shot by Steven Stamkos.
4:38 of 1st period - Shot Blocked by Matthew Carle.
4:40 of 1st period - Shot by Jeff Carter.
4:40 of 1st period - Shot Misses the Net.
4:44 of 1st period - Shot by Steven Stamkos.
4:44 of 1st period - Shot Blocked by Phil Kessel.
4:48 of 1st period - Shot by Steven Stamkos.
4:48 of 1st period - Stopped by Henrik Lundqvist without a rebound.
4:49 of 1st period - Ryan OReilly wins face-off versus Max Pacioretty in Canucks zone.
5:00 of 1st period - Duncan Keith is hit by Simon Gagne and loses puck.
5:13 of 1st period - Shot by Nicklas Backstrom.
5:13 of 1st period - Stopped by Henrik Lundqvist without a rebound.
5:13 of 1st period - Minor Penalty to Dmitry Kulikov for High sticking.
5:14 of 1st period - Steven Stamkos wins face-off versus Brandon Sutter in Canucks zone.
6:19 of 1st period - Shot by Nicklas Backstrom.
6:19 of 1st period - Stopped by Henrik Lundqvist without a rebound.
6:20 of 1st period - Nicklas Backstrom wins face-off versus Brandon Sutter in Canucks zone.
6:46 of 1st period - Shot by Shea Weber.
6:46 of 1st period - Shot Blocked by Alex Pietrangelo.
6:48 of 1st period - Shot by Nicklas Backstrom.
6:48 of 1st period - Stopped by Henrik Lundqvist without a rebound.
6:49 of 1st period - Ryan OReilly wins face-off versus Max Pacioretty in Canucks zone.
7:18 of 1st period - Shot by Phil Kessel.
7:18 of 1st period - Deflect By Corey Perry.
7:18 of 1st period - Stopped by Dwayne Roloson with a rebound.
7:20 of 1st period - Shot by Alex Pietrangelo.
7:20 of 1st period - Shot Misses the Net.
7:22 of 1st period - Shot by Corey Perry.
7:22 of 1st period - Goal by Corey Perry - Predators : 0 - Canucks : 2.
7:23 of 1st period - Paul Gaustad wins face-off versus Brooks Laich in neutral zone.
7:23 of 1st period - Patric Hornqvist is hit by Tomas Holmstrom and loses puck.
7:35 of 1st period - Minor Penalty to Milan Michalek for Hooking.
7:36 of 1st period - David Backes wins face-off versus Paul Gaustad in Predators zone.
7:39 of 1st period - Shot by David Backes.
7:39 of 1st period - Stopped by Dwayne Roloson without a rebound.
7:40 of 1st period - T.J. Galiardi wins face-off versus Brooks Laich in Predators zone.
8:28 of 1st period - Minor Penalty to Loui Eriksson for Tripping.
8:29 of 1st period - Brandon Sutter wins face-off versus Steven Stamkos in Canucks zone.
9:13 of 1st period - Minor Penalty to Brent Burns for Roughing.
9:14 of 1st period - Brooks Laich wins face-off versus Paul Gaustad in Predators zone.
9:50 of 1st period - Icing by Fedor Tyutin.
9:51 of 1st period - Brooks Laich wins face-off versus Nicklas Backstrom in Canucks zone.
9:55 of 1st period - Icing by Fedor Tyutin.
9:56 of 1st period - Tomas Holmstrom wins face-off versus Nicklas Backstrom in Canucks zone.
10:00 of 1st period - Off-side.
10:01 of 1st period - Brandon Sutter wins face-off versus Nicklas Backstrom in neutral zone.
10:15 of 1st period - Icing by Erik Karlsson.
10:16 of 1st period - Steven Stamkos wins face-off versus Brandon Sutter in Canucks zone.
10:27 of 1st period - Shot by Steven Stamkos.
10:27 of 1st period - Shot Misses the Net.
10:35 of 1st period - Shot by Loui Eriksson.
10:35 of 1st period - Deflect By Corey Perry.
10:35 of 1st period - Stopped by Dwayne Roloson without a rebound.
10:36 of 1st period - Brooks Laich wins face-off versus T.J. Galiardi in Predators zone.
10:53 of 1st period - Shot by David Backes.
10:53 of 1st period - Shot Blocked by Tomas Kaberle.
11:05 of 1st period - Shot by Brooks Laich.
11:05 of 1st period - Stopped by Dwayne Roloson without a rebound.
11:06 of 1st period - Paul Gaustad wins face-off versus Phil Kessel in Predators zone.
11:42 of 1st period - Shot by David Backes.
11:42 of 1st period - Deflect By Valtteri Filppula.
11:42 of 1st period - Stopped by Dwayne Roloson with a rebound.
11:44 of 1st period - Shot by Brandon Sutter.
11:44 of 1st period - Stopped by Dwayne Roloson without a rebound.
11:45 of 1st period - Steven Stamkos wins face-off versus Ryan OReilly in Predators zone.
11:45 of 1st period - Steven Stamkos is hit by Ryan OReilly.
11:57 of 1st period - Shot by Steven Stamkos.
11:57 of 1st period - Goal by Steven Stamkos - Predators : 1 - Canucks : 2.
11:58 of 1st period - Phil Kessel wins face-off versus Paul Gaustad in neutral zone.
12:11 of 1st period - Milan Michalek is hit by Matthew Carle and loses puck.
12:22 of 1st period - Milan Michalek is hit by Corey Perry and loses puck.
12:34 of 1st period - Off-side.
12:35 of 1st period - Steven Stamkos wins face-off versus Ryan OReilly in neutral zone.
12:44 of 1st period - Shot by Jeff Carter.
12:44 of 1st period - Shot Misses the Net.
12:49 of 1st period - Off-side.
12:50 of 1st period - Brandon Sutter wins face-off versus Nicklas Backstrom in neutral zone.
12:50 of 1st period - Kris Russell is hit by Max Pacioretty and loses puck.
13:06 of 1st period - Minor Penalty to Shea Weber for High sticking.
13:07 of 1st period - Paul Gaustad wins face-off versus Phil Kessel in Predators zone.
13:25 of 1st period - Off-side.
13:26 of 1st period - Paul Gaustad wins face-off versus Brooks Laich in neutral zone.
13:29 of 1st period - Alex Pietrangelo is hit by Paul Gaustad and loses puck.
13:45 of 1st period - David Backes is hit by Braydon Coburn and loses puck.
14:26 of 1st period - Shot by Phil Kessel.
14:26 of 1st period - Stopped by Dwayne Roloson without a rebound.
14:27 of 1st period - T.J. Galiardi wins face-off versus Phil Kessel in Predators zone.
14:40 of 1st period - Shot by Erik Karlsson.
14:40 of 1st period - Shot Misses the Net.
14:42 of 1st period - Shot by Duncan Keith.
14:42 of 1st period - Stopped by Dwayne Roloson without a rebound.
14:43 of 1st period - T.J. Galiardi wins face-off versus Phil Kessel in Predators zone.
15:14 of 1st period - Valtteri Filppula is hit by Max Pacioretty and loses puck.
15:32 of 1st period - Icing by Fedor Tyutin.
15:33 of 1st period - Steven Stamkos wins face-off versus Brandon Sutter in Canucks zone.
15:38 of 1st period - Shot by Steven Stamkos.
15:38 of 1st period - Stopped by Henrik Lundqvist without a rebound.
15:39 of 1st period - Ryan OReilly wins face-off versus Steven Stamkos in Canucks zone.
15:51 of 1st period - Shot by Jeff Carter.
15:51 of 1st period - Stopped by Henrik Lundqvist without a rebound.
15:52 of 1st period - Phil Kessel wins face-off versus Milan Michalek in Canucks zone.
15:57 of 1st period - Tomas Kaberle is hit by James van Riemsdyk and loses puck.
16:16 of 1st period - Shot by Phil Kessel.
16:16 of 1st period - Goal by Phil Kessel - Predators : 1 - Canucks : 3.
16:17 of 1st period - Nicklas Backstrom wins face-off versus Brandon Sutter in neutral zone.
16:33 of 1st period - Off-side.
16:34 of 1st period - Tomas Holmstrom wins face-off versus Steven Stamkos in neutral zone.
16:41 of 1st period - Shot by Loui Eriksson.
16:41 of 1st period - Stopped by Dwayne Roloson without a rebound.
16:42 of 1st period - Steven Stamkos wins face-off versus Ryan OReilly in Predators zone.
16:42 of 1st period - Steven Stamkos is hit by Ryan OReilly.
17:18 of 1st period - Minor Penalty to Dmitry Kulikov for Hooking.
17:19 of 1st period - Nicklas Backstrom wins face-off versus Brandon Sutter in Canucks zone.
18:41 of 1st period - Off-side.
18:42 of 1st period - Steven Stamkos wins face-off versus David Backes in neutral zone.
18:45 of 1st period - Shot by Jeff Carter.
18:45 of 1st period - Shot Misses the Net.
18:47 of 1st period - Shot by Brent Burns.
18:47 of 1st period - Shot Misses the Net.
18:51 of 1st period - Shot by Brent Burns.
18:51 of 1st period - Deflect By Steven Stamkos.
18:51 of 1st period - Stopped by Henrik Lundqvist without a rebound.
18:52 of 1st period - Ryan OReilly wins face-off versus Steven Stamkos in Canucks zone.
19:11 of 1st period - Shot by Steven Stamkos.
19:11 of 1st period - Stopped by Henrik Lundqvist with a rebound.
19:27 of 1st period - Erik Karlsson is hit by Paul Gaustad and loses puck.
19:53 of 1st period - Loui Eriksson is hit by Tomas Kaberle and loses puck.

Period #2

0:01 of 2nd period - Phil Kessel wins face-off versus Nicklas Backstrom in neutral zone.
0:36 of 2nd period - Shot by Phil Kessel.
0:36 of 2nd period - Shot Blocked by Shea Weber.
0:39 of 2nd period - Icing by Shea Weber.
0:40 of 2nd period - Nicklas Backstrom wins face-off versus Brooks Laich in Predators zone.
0:45 of 2nd period - Shot by Nicklas Backstrom.
0:45 of 2nd period - Shot Misses the Net.
0:47 of 2nd period - Shot by Shea Weber.
0:47 of 2nd period - Stopped by Henrik Lundqvist without a rebound.
0:48 of 2nd period - Valtteri Filppula wins face-off versus Steven Stamkos in Canucks zone.
0:53 of 2nd period - Shot by Steven Stamkos.
0:53 of 2nd period - Shot Blocked by Valtteri Filppula.
0:55 of 2nd period - Shot by Marian Gaborik.
0:55 of 2nd period - Shot Misses the Net.
0:57 of 2nd period - Shot by Jeff Carter.
0:57 of 2nd period - Stopped by Henrik Lundqvist without a rebound.
0:58 of 2nd period - Brooks Laich wins face-off versus Paul Gaustad in Canucks zone.
1:15 of 2nd period - Shot by Erik Karlsson.
1:15 of 2nd period - Stopped by Dwayne Roloson without a rebound.
1:16 of 2nd period - Steven Stamkos wins face-off versus Brandon Sutter in Predators zone.
2:24 of 2nd period - Shot by Corey Perry.
2:24 of 2nd period - Stopped by Dwayne Roloson without a rebound.
2:25 of 2nd period - Nicklas Backstrom wins face-off versus Brooks Laich in Predators zone.
2:38 of 2nd period - Shea Weber is hit by Brooks Laich and loses puck.
3:20 of 2nd period - Shot by Paul Gaustad.
3:20 of 2nd period - Deflect By Patric Hornqvist.
3:20 of 2nd period - Stopped by Henrik Lundqvist without a rebound.
3:21 of 2nd period - Phil Kessel wins face-off versus Paul Gaustad in Canucks zone.
3:27 of 2nd period - Off-side.
3:28 of 2nd period - Marian Gaborik wins face-off versus Phil Kessel in neutral zone.
3:30 of 2nd period - Off-side.
3:31 of 2nd period - Phil Kessel wins face-off versus Steven Stamkos in neutral zone.
3:45 of 2nd period - Minor Penalty to Brent Burns for High sticking.
3:46 of 2nd period - T.J. Galiardi wins face-off versus Brooks Laich in Predators zone.
3:58 of 2nd period - Shot by Alex Pietrangelo.
3:58 of 2nd period - Shot Blocked by Braydon Coburn.
4:00 of 2nd period - Shot by David Backes.
4:00 of 2nd period - Shot Misses the Net.
4:36 of 2nd period - Shot by Phil Kessel.
4:36 of 2nd period - Stopped by Dwayne Roloson without a rebound.
4:37 of 2nd period - Phil Kessel wins face-off versus Paul Gaustad in Predators zone.
4:40 of 2nd period - Shot by Erik Karlsson.
4:40 of 2nd period - Shot Hit the Post.
4:42 of 2nd period - Shot by Duncan Keith.
4:42 of 2nd period - Stopped by Dwayne Roloson without a rebound.
4:43 of 2nd period - Paul Gaustad wins face-off versus Phil Kessel in Predators zone.
5:04 of 2nd period - Shot by Erik Karlsson.
5:04 of 2nd period - Stopped by Dwayne Roloson without a rebound.
5:05 of 2nd period - Brooks Laich wins face-off versus T.J. Galiardi in Predators zone.
5:21 of 2nd period - Off-side.
5:22 of 2nd period - Phil Kessel wins face-off versus Paul Gaustad in neutral zone.
5:43 of 2nd period - Shot by Loui Eriksson.
5:43 of 2nd period - Shot Misses the Net.
5:45 of 2nd period - Shot by Corey Perry.
5:45 of 2nd period - Goal by Corey Perry - Predators : 1 - Canucks : 4.
5:46 of 2nd period - T.J. Galiardi wins face-off versus Brandon Sutter in neutral zone.
6:41 of 2nd period - Shot by Brent Burns.
6:41 of 2nd period - Shot Misses the Net.
6:43 of 2nd period - Shot by Brent Burns.
6:43 of 2nd period - Shot Misses the Net.
6:50 of 2nd period - Valtteri Filppula is hit by Brent Burns and loses puck.
7:08 of 2nd period - Icing by Fedor Tyutin.
7:09 of 2nd period - Brandon Sutter wins face-off versus Paul Gaustad in Canucks zone.
7:26 of 2nd period - Shot by Patric Hornqvist.
7:26 of 2nd period - Shot Misses the Net.
8:39 of 2nd period - Icing by Alex Pietrangelo.
8:40 of 2nd period - Steven Stamkos wins face-off versus Phil Kessel in Canucks zone.
8:40 of 2nd period - Minor Penalty to Matthew Carle for Roughing.
8:41 of 2nd period - Ryan OReilly wins face-off versus Steven Stamkos in Canucks zone.
9:12 of 2nd period - Shot by Jeff Carter.
9:12 of 2nd period - Deflect By Steven Stamkos.
9:12 of 2nd period - Stopped by Henrik Lundqvist with a rebound.
9:14 of 2nd period - Shot by Braydon Coburn.
9:14 of 2nd period - Stopped by Henrik Lundqvist without a rebound.
9:15 of 2nd period - Ryan OReilly wins face-off versus Marian Gaborik in Canucks zone.
9:45 of 2nd period - Shot by Shea Weber.
9:45 of 2nd period - Stopped by Henrik Lundqvist without a rebound.
9:46 of 2nd period - Steven Stamkos wins face-off versus Corey Perry in Canucks zone.
10:12 of 2nd period - Icing by Steven Stamkos.
10:13 of 2nd period - Loui Eriksson wins face-off versus Steven Stamkos in Predators zone.
10:25 of 2nd period - Off-side.
10:26 of 2nd period - Brandon Sutter wins face-off versus Nicklas Backstrom in neutral zone.
10:44 of 2nd period - Minor Penalty to Matthew Carle for Tripping.
10:45 of 2nd period - Brandon Sutter wins face-off versus Nicklas Backstrom in Canucks zone.
10:45 of 2nd period - Brandon Sutter is hit by Patric Hornqvist.
11:07 of 2nd period - Shot by Nicklas Backstrom.
11:07 of 2nd period - Stopped by Henrik Lundqvist without a rebound.
11:08 of 2nd period - Ryan OReilly wins face-off versus Steven Stamkos in Canucks zone.
12:10 of 2nd period - Shot by Nicklas Backstrom.
12:10 of 2nd period - Stopped by Henrik Lundqvist without a rebound.
12:11 of 2nd period - Steven Stamkos wins face-off versus Corey Perry in Canucks zone.
12:12 of 2nd period - Shot by Brent Burns.
12:12 of 2nd period - Shot Misses the Net.
12:14 of 2nd period - Shot by Brent Burns.
12:14 of 2nd period - Shot Blocked by Erik Karlsson.
12:16 of 2nd period - Shot by Jeff Carter.
12:16 of 2nd period - Shot Hit the Post.
12:18 of 2nd period - Shot by Max Pacioretty.
12:18 of 2nd period - Shot Misses the Net.
12:20 of 2nd period - Shot by Braydon Coburn.
12:20 of 2nd period - Stopped by Henrik Lundqvist without a rebound.
12:21 of 2nd period - Brandon Sutter wins face-off versus Nicklas Backstrom in Canucks zone.
12:27 of 2nd period - Icing by Nicklas Backstrom.
12:28 of 2nd period - Ryan OReilly wins face-off versus Nicklas Backstrom in Predators zone.
13:36 of 2nd period - Corey Perry is hit by Brent Burns and loses puck.
13:47 of 2nd period - Shot by Erik Karlsson.
13:47 of 2nd period - Shot Misses the Net.
13:49 of 2nd period - Shot by Duncan Keith.
13:49 of 2nd period - Stopped by Dwayne Roloson with a rebound.
13:51 of 2nd period - Shot by Loui Eriksson.
13:51 of 2nd period - Shot Blocked by Jeff Carter.
13:53 of 2nd period - Shot by Loui Eriksson.
13:53 of 2nd period - Goal by Loui Eriksson - Predators : 1 - Canucks : 5.
13:54 of 2nd period - Ryan OReilly wins face-off versus Paul Gaustad in neutral zone.
14:57 of 2nd period - Off-side.
14:58 of 2nd period - Brandon Sutter wins face-off versus Nicklas Backstrom in neutral zone.
17:28 of 2nd period - Shot by Loui Eriksson.
17:28 of 2nd period - Stopped by Dwayne Roloson without a rebound.
17:29 of 2nd period - Nicklas Backstrom wins face-off versus Brandon Sutter in Predators zone.
17:29 of 2nd period - Nicklas Backstrom is hit by David Backes.
17:42 of 2nd period - Minor Penalty to Kris Russell for Hooking.
17:43 of 2nd period - Nicklas Backstrom wins face-off versus David Backes in Canucks zone.
17:43 of 2nd period - Nicklas Backstrom is hit by Fedor Tyutin.
17:58 of 2nd period - Shot by Shea Weber.
17:58 of 2nd period - Stopped by Henrik Lundqvist without a rebound.
17:59 of 2nd period - Steven Stamkos wins face-off versus Ryan OReilly in Canucks zone.
19:12 of 2nd period - Tomas Kaberle is hit by Alex Pietrangelo and loses puck.

Period #3

0:01 of 3rd period - Phil Kessel wins face-off versus Max Pacioretty in neutral zone.
0:06 of 3rd period - Simon Gagne is hit by James van Riemsdyk and loses puck.
0:13 of 3rd period - Shot by Corey Perry.
0:13 of 3rd period - Stopped by Dwayne Roloson without a rebound.
0:14 of 3rd period - Brooks Laich wins face-off versus Steven Stamkos in Predators zone.
0:39 of 3rd period - Shot by Loui Eriksson.
0:39 of 3rd period - Shot Misses the Net.
0:50 of 3rd period - Minor Penalty to Erik Karlsson for Roughing.
0:51 of 3rd period - Patric Hornqvist wins face-off versus Brandon Sutter in Canucks zone.
1:24 of 3rd period - Off-side.
1:25 of 3rd period - Brandon Sutter wins face-off versus Steven Stamkos in neutral zone.
1:41 of 3rd period - Minor Penalty to Simon Gagne for Interference.
1:42 of 3rd period - Nicklas Backstrom wins face-off versus Brandon Sutter in Predators zone.
2:01 of 3rd period - Shot by Jeff Carter.
2:01 of 3rd period - Goal by Jeff Carter - Predators : 2 - Canucks : 5.
2:02 of 3rd period - Steven Stamkos wins face-off versus Brooks Laich in neutral zone.
2:10 of 3rd period - Shot by Shea Weber.
2:10 of 3rd period - Stopped by Henrik Lundqvist without a rebound.
2:11 of 3rd period - Nicklas Backstrom wins face-off versus Brooks Laich in Canucks zone.
2:11 of 3rd period - Jeff Carter is hit by Fedor Tyutin and loses puck.
2:26 of 3rd period - Shot by Tomas Holmstrom.
2:26 of 3rd period - Deflect By Brooks Laich.
2:26 of 3rd period - Shot Misses the Net.
2:31 of 3rd period - Off-side.
2:32 of 3rd period - Brandon Sutter wins face-off versus Steven Stamkos in neutral zone.
2:41 of 3rd period - Shot by Marian Gaborik.
2:41 of 3rd period - Shot Blocked by Duncan Keith.
2:45 of 3rd period - Shot by Steven Stamkos.
2:45 of 3rd period - Stopped by Henrik Lundqvist with a rebound.
2:49 of 3rd period - Shot by Steven Stamkos.
2:49 of 3rd period - Stopped by Henrik Lundqvist without a rebound.
2:50 of 3rd period - Paul Gaustad wins face-off versus Brooks Laich in Canucks zone.
3:07 of 3rd period - Shot by James van Riemsdyk.
3:07 of 3rd period - Stopped by Dwayne Roloson without a rebound.
3:08 of 3rd period - Phil Kessel wins face-off versus Paul Gaustad in Predators zone.
3:45 of 3rd period - Shot by David Backes.
3:45 of 3rd period - Shot Misses the Net.
3:47 of 3rd period - Shot by David Backes.
3:47 of 3rd period - Stopped by Dwayne Roloson with a rebound.
4:37 of 3rd period - Shot by Kyle Okposo.
4:37 of 3rd period - Deflect By Loui Eriksson.
4:37 of 3rd period - Shot Misses the Net.
4:41 of 3rd period - Shot by Loui Eriksson.
4:41 of 3rd period - Stopped by Dwayne Roloson without a rebound.
4:41 of 3rd period - Minor Penalty to Shea Weber for Cross-checking.
4:42 of 3rd period - Phil Kessel wins face-off versus T.J. Galiardi in Predators zone.
5:40 of 3rd period - Shot by Brooks Laich.
5:40 of 3rd period - Deflect By James van Riemsdyk.
5:40 of 3rd period - Shot Misses the Net.
5:44 of 3rd period - Shot by David Backes.
5:44 of 3rd period - Shot Misses the Net.
5:48 of 3rd period - Shot by James van Riemsdyk.
5:48 of 3rd period - Deflect By Brooks Laich.
5:48 of 3rd period - Goal by Brooks Laich - Predators : 2 - Canucks : 6.
5:49 of 3rd period - T.J. Galiardi wins face-off versus Brandon Sutter in neutral zone.
6:39 of 3rd period - Shot by Corey Perry.
6:39 of 3rd period - Stopped by Dwayne Roloson without a rebound.
6:40 of 3rd period - Ryan OReilly wins face-off versus Steven Stamkos in Predators zone.
6:59 of 3rd period - Shot by Loui Eriksson.
6:59 of 3rd period - Deflect By Ryan OReilly.
6:59 of 3rd period - Shot Misses the Net.
7:39 of 3rd period - Shot by James van Riemsdyk.
7:39 of 3rd period - Shot Misses the Net.
7:45 of 3rd period - Brent Burns is hit by Corey Perry and loses puck.
9:27 of 3rd period - Brooks Laich is hit by Shea Weber and loses puck.
9:30 of 3rd period - Shot by Brooks Laich.
9:30 of 3rd period - Stopped by Dwayne Roloson without a rebound.
9:31 of 3rd period - T.J. Galiardi wins face-off versus Phil Kessel in Predators zone.
9:36 of 3rd period - Shot by Corey Perry.
9:36 of 3rd period - Stopped by Dwayne Roloson without a rebound.
9:37 of 3rd period - Phil Kessel wins face-off versus Paul Gaustad in Predators zone.
10:35 of 3rd period - Jeff Carter is hit by Matthew Carle and loses puck.
11:02 of 3rd period - Shot by Valtteri Filppula.
11:02 of 3rd period - Shot Blocked by Steven Stamkos.
11:06 of 3rd period - Shot by David Backes.
11:06 of 3rd period - Shot Misses the Net.
11:08 of 3rd period - Shot by David Backes.
11:08 of 3rd period - Deflect By Valtteri Filppula.
11:08 of 3rd period - Stopped by Dwayne Roloson without a rebound.
11:09 of 3rd period - Brooks Laich wins face-off versus Nicklas Backstrom in Predators zone.
11:10 of 3rd period - Shot by Loui Eriksson.
11:10 of 3rd period - Stopped by Dwayne Roloson without a rebound.
11:11 of 3rd period - Brooks Laich wins face-off versus Nicklas Backstrom in Predators zone.
11:43 of 3rd period - Off-side.
11:44 of 3rd period - Brandon Sutter wins face-off versus Paul Gaustad in neutral zone.
11:50 of 3rd period - David Backes is hit by Tomas Kaberle and loses puck.
11:52 of 3rd period - Minor Penalty to David Backes for Boarding.
11:53 of 3rd period - Nicklas Backstrom wins face-off versus Ryan OReilly in Canucks zone.
12:00 of 3rd period - Shot by Marian Gaborik.
12:00 of 3rd period - Deflect By Patric Hornqvist.
12:00 of 3rd period - Stopped by Henrik Lundqvist without a rebound.
12:01 of 3rd period - Nicklas Backstrom wins face-off versus Brandon Sutter in Canucks zone.
12:47 of 3rd period - Shot by Steven Stamkos.
12:47 of 3rd period - Stopped by Henrik Lundqvist without a rebound.
12:48 of 3rd period - Steven Stamkos wins face-off versus Brandon Sutter in Canucks zone.
13:35 of 3rd period - Shot by Shea Weber.
13:35 of 3rd period - Stopped by Henrik Lundqvist without a rebound.
13:36 of 3rd period - Ryan OReilly wins face-off versus Nicklas Backstrom in Canucks zone.
13:36 of 3rd period - Ryan OReilly is hit by Patric Hornqvist.
13:56 of 3rd period - Shot by Wayne Simmonds.
13:56 of 3rd period - Shot Blocked by Duncan Keith.
13:58 of 3rd period - Shot by Jeff Woywitka.
13:58 of 3rd period - Shot Misses the Net.
14:00 of 3rd period - Shot by Brent Burns.
14:00 of 3rd period - Shot Misses the Net.
14:04 of 3rd period - Shot by Jeff Woywitka.
14:04 of 3rd period - Stopped by Henrik Lundqvist without a rebound.
14:05 of 3rd period - Paul Gaustad wins face-off versus Phil Kessel in Canucks zone.
14:18 of 3rd period - Corey Perry is hit by Zbynek Michalek and loses puck.
14:29 of 3rd period - Shot by Phil Kessel.
14:29 of 3rd period - Shot Misses the Net.
14:31 of 3rd period - Shot by Matthew Carle.
14:31 of 3rd period - Stopped by Dwayne Roloson without a rebound.
14:31 of 3rd period - Minor Penalty to Zbynek Michalek for Interference.
14:32 of 3rd period - Brooks Laich wins face-off versus Paul Gaustad in Predators zone.
14:44 of 3rd period - Minor Penalty to Milan Michalek for Holding.
14:45 of 3rd period - Phil Kessel wins face-off versus Paul Gaustad in Predators zone.
15:08 of 3rd period - Shot by Corey Perry.
15:08 of 3rd period - Stopped by Dwayne Roloson with a rebound.
15:10 of 3rd period - Shot by Loui Eriksson.
15:10 of 3rd period - Shot Misses the Net.
15:14 of 3rd period - Shot by Corey Perry.
15:14 of 3rd period - Deflect By Loui Eriksson.
15:14 of 3rd period - Shot Misses the Net.
15:16 of 3rd period - Shot by Phil Kessel.
15:16 of 3rd period - Shot Blocked by Braydon Coburn.
15:20 of 3rd period - Shot by Corey Perry.
15:20 of 3rd period - Stopped by Dwayne Roloson without a rebound.
15:21 of 3rd period - Brooks Laich wins face-off versus T.J. Galiardi in Predators zone.
15:34 of 3rd period - Shot by Alex Pietrangelo.
15:34 of 3rd period - Stopped by Dwayne Roloson without a rebound.
15:35 of 3rd period - Brooks Laich wins face-off versus Paul Gaustad in Predators zone.
15:50 of 3rd period - Shot by Dmitry Kulikov.
15:50 of 3rd period - Stopped by Dwayne Roloson without a rebound.
15:51 of 3rd period - Phil Kessel wins face-off versus T.J. Galiardi in Predators zone.
15:54 of 3rd period - Shot by Corey Perry.
15:54 of 3rd period - Stopped by Dwayne Roloson without a rebound.
15:55 of 3rd period - Paul Gaustad wins face-off versus Phil Kessel in Predators zone.
16:52 of 3rd period - Valtteri Filppula is hit by Shea Weber and loses puck.
17:09 of 3rd period - Icing by Brandon Sutter.
17:10 of 3rd period - Brandon Sutter wins face-off versus Steven Stamkos in Canucks zone.
17:21 of 3rd period - Shot by Fedor Tyutin.
17:21 of 3rd period - Stopped by Dwayne Roloson without a rebound.
17:22 of 3rd period - Ryan OReilly wins face-off versus Jeff Carter in Predators zone.
17:46 of 3rd period - Shot by Steven Stamkos.
17:46 of 3rd period - Shot Misses the Net.
17:50 of 3rd period - Shot by Jeff Carter.
17:50 of 3rd period - Deflect By Marian Gaborik.
17:50 of 3rd period - Goal by Marian Gaborik - Predators : 3 - Canucks : 6.
17:51 of 3rd period - Nicklas Backstrom wins face-off versus Phil Kessel in neutral zone.
18:18 of 3rd period - Shot by James van Riemsdyk.
18:18 of 3rd period - Shot Misses the Net.
18:20 of 3rd period - Shot by Corey Perry.
18:20 of 3rd period - Stopped by Dwayne Roloson without a rebound.
18:21 of 3rd period - David Backes wins face-off versus Paul Gaustad in Predators zone.
18:54 of 3rd period - Shot by David Backes.
18:54 of 3rd period - Shot Misses the Net.
18:56 of 3rd period - Shot by David Backes.
18:56 of 3rd period - Stopped by Dwayne Roloson without a rebound.
18:57 of 3rd period - Steven Stamkos wins face-off versus Brooks Laich in Predators zone.
19:04 of 3rd period - Shot by Jeff Carter.
19:04 of 3rd period - Shot Misses the Net.
19:08 of 3rd period - Shot by Steven Stamkos.
19:08 of 3rd period - Stopped by Henrik Lundqvist without a rebound.
19:09 of 3rd period - Nicklas Backstrom wins face-off versus Phil Kessel in Canucks zone.
19:22 of 3rd period - Shot by Shea Weber.
19:22 of 3rd period - Stopped by Henrik Lundqvist without a rebound.
19:23 of 3rd period - Brooks Laich wins face-off versus Steven Stamkos in Canucks zone.
19:23 of 3rd period - Brooks Laich is hit by Steven Stamkos.
19:38 of 3rd period - Off-side.
19:39 of 3rd period - Phil Kessel wins face-off versus Nicklas Backstrom in neutral zone.
19:42 of 3rd period - Shot by James van Riemsdyk.
19:42 of 3rd period - Stopped by Dwayne Roloson without a rebound.
19:43 of 3rd period - Brandon Sutter wins face-off versus Paul Gaustad in Predators zone.


Output by the SimonT Hockey Simulator (STHS) for Stephane Roy -- Original Page W3C XHTML 1.0 Valid